 Dungeon Crawl Stone Soup version 0.30-b1-2-g02819fbbbe (webtiles) character file.

Game seed: 7499518060064680021

45 Mesmaeker13 the Shooter (level 3, -11/29 HPs)
             Began as a Barachi Hunter on July 30, 2023.
             Killed by nerve-wracking pain
             ... invoked by Jessica
              (13 damage)
             ... on level 2 of the Dungeon.
             The game lasted 00:01:38 (1358 turns).

Mesmaeker13 the Shooter (Barachi Hunter)            Turns: 1358, Time: 00:01:38

Health: -11/29     AC:  4    Str: 12    XL:     3   Next: 64%
Magic:  3/3        EV: 12    Int:  9    God:
Gold:   98         SH:  0    Dex: 17    Spells: 2/2 levels left

rFire   . . .        a - +0 shortbow
rCold   . . .        (shield currently unavailable)
rNeg    . . .        c - +0 leather armour
rPois   .            (no helmet)
rElec   .            (no cloak)
rCorr   .            i - +0 pair of gloves
SInv    .            (no boots)
Will    .....        (no amulet)
Stlth   ++           (no ring)
HPRegen 0.24/turn    (no ring)
MPRegen 0.08/turn

%: no passive effects
@: hasted, quick
A: amphibious, slowness 1, strong legs 1, +LOS
a: Hop


You were on level 2 of the Dungeon.
You visited 1 branch of the dungeon, and saw 2 of its levels.

You collected 98 gold pieces.

Inventory:

Hand Weapons
 a - a +0 shortbow (weapon)
Missiles
 f - 3 atropa-tipped darts
Armour
 c - a +0 leather armour (worn)
 i - a +0 pair of gloves (worn)
Scrolls
 b - a scroll of immolation
 d - a scroll of fear {unknown}
 e - 2 scrolls of noise {unknown}
 h - a scroll of identify {unknown}
 j - a scroll of fog {unknown}
 k - a scroll of teleportation {unknown}
 l - a scroll of blinking {unknown}
Potions
 m - a potion of curing {unknown}
 n - a potion of brilliance {unknown}


   Skills:
 + Level 3.3 Fighting
 + Level 4.4 Ranged Weapons
 + Level 3.0 Dodging
 - Level 0.8 Stealth


You had 2 spell levels left.
You didn't know any spells.
Your spell library was empty.

Dungeon Overview and Level Annotations

Branches:
Dungeon (2/15)

Altars:

Annotations:
D:2 Jessica


Innate Abilities, Weirdness & Mutations

You are amphibious.
You cover ground slowly.
You can hop short distances.
You have an extended range of vision and can be seen from far away.


Message History

A hobgoblin is nearby!
A hobgoblin is nearby!
You shoot an arrow. The arrow hits the hobgoblin!
You kill the hobgoblin!
Jessica the Apprentice Sorceress comes into view.
She is wielding a +0 dagger.
Jessica shouts!
Jessica is nearby!
You shoot an arrow. The arrow hits Jessica.
Jessica is severely wounded.
Jessica drinks a potion.
Jessica flickers and vanishes!
Deactivating autopickup; reactivate with Ctrl-A.
No target in view!
No target in view!
You hear some strange, mumbled words.
You hear some strange, mumbled words.
You hear some strange, mumbled words.
Pain shoots through your body! Something completely misses you.
You shoot an arrow.
You hear some strange, mumbled words. x2
Something tries to affect you, but you resist.
You shoot an arrow. Something barely misses you. Something hits you.
You hear some strange, mumbled words.
You feel yourself slow down.
You hear some strange, mumbled words.
Something barely misses you. Something hits you but does no damage.
Something hits you. x2
Something hits you. Something hits you. x3
Something hits you. x2
Something hits you. Something hits you. x2
* * * LOW HITPOINT WARNING * * *
You feel yourself speed up. Something hits you but does no damage.
Something hits you.
* * * LOW HITPOINT WARNING * * *
Something hits you but does no damage. x2
It was a potion of haste.
You feel yourself speed up. Something hits you but does no damage.
Pain shoots through your body!
You die...

#.# #.# #.# #.#
#.# ##.# #.##{.#
#.##.## #.##@#
..##.# #.##.#
#.##.# #.##.#
.#.######.##.#
....<........#
...######.######
#......#


There were no monsters in sight!

Vanquished Creatures
  A worm (D:2)
  2 dart slugs (D:1)
  4 ball pythons (D:1)
  An endoplasm (D:1)
  2 giant cockroaches
  3 goblins (D:1)
  6 hobgoblins
  2 jackals (D:1)
  A bat (D:1)
  7 frilled lizards (D:1)
  4 kobolds
  6 rats (D:1)
39 creatures vanquished.

Notes
Turn   | Place    | Note
-------+----------+-------------------------------------------
     0 | D:1      | Mesmaeker13 the Barachi Hunter began the quest for the Orb.
     0 | D:1      | Reached XP level 1. HP: 17/17 MP: 1/1
   102 | D:1      | Reached XP level 2. HP: 23/23 MP: 2/2
   529 | D:1      | Reached XP level 3. HP: 29/29 MP: 3/3
  1336 | D:2      | Noticed Jessica
  1358 | D:2      | Killed from afar by Jessica

Illustrated notes

Levels and vault maps discovered:
D:1:      minmay_arrival_split_and_join, layout_rooms, serial_co_window_serial,
          co_window_corner_a, co_window_paths_a, co_window_corner_a,
          co_window_corner_a, co_window_corner_a, co_window_of_opportunity_a,
          co_window_corner_a, co_window_paths_a, co_window_corner_a,
          co_window_broadway_a, co_window_corner_b, co_window_broadway_c,
          co_window_2corner, co_window_of_opportunity_b, co_window_4corner_a,
          co_window_paths_e, glass_columns_c, minmay_tromino_v4_a
D:2:      layout_loops_ring, chequers_ecumenical_altar_simple, uniq_jessica

Skill      XL: |  1  2  3 |
---------------+----------+-----
Fighting       | 3 |  3.3
Dodging        | 3 |  3.0
Ranged Weapons | |  4.4
Stealth        | |  0.8

Action                     || total
---------------------------++-------
   Fire: Shortbow          ||    80
    Use: Potion            ||     1
 Armour: Leather armour    ||    14
  Dodge: Dodged            ||    34
